 Dungeon Crawl Stone Soup version 0.18-b1-10-g3f7de93 (webtiles) character file.

3583 Alarkh the Spear-Bearer (level 9, -11/61 HPs)
             Began as a Mummy Necromancer on Apr 30, 2016.
             Was an Initiate of Gozag.
             Hit by a large rock thrown by a cyclops (23 damage)
             ... on level 8 of the Dungeon.
             The game lasted 00:14:14 (8542 turns).

Alarkh the Spear-Bearer (Mummy Necromancer)         Turns: 8542, Time: 00:14:14

Health: -11/61     AC:  5    Str: 11    XL:     9   Next: 85%
Magic:  11/16      EV: 12    Int: 18    God:    Gozag
Gold:   876        SH:  0    Dex: 12    Spells: 3 memorised, 10 levels left

rFire  . . .     SeeInvis +     a - +1 halberd
rCold  + . .     Gourm    .     s - +0 leather armour
rNeg   + + +     Faith    .     (shield currently unavailable)
rPois  ∞         Spirit   .     (no helmet)
rElec  .         Dismiss  .     x - +0 cloak
rCorr  .         Reflect  .     c - +0 pair of gloves
SustAt .         Harm     +     (no boots)
MR     +....                    k - amulet of harm
Stlth  +.........               y - ring of protection from fire
                                A - ring of see invisible

@: somewhat resistant to hostile enchantments, very unstealthy
A: no food or potions, fire vulnerability, cold resistance 1, negative energy
resistance 3, torment resistance, unbreathing
a: Potion Petition, Call Merchant, Bribe Branch, Renounce Religion


You were on level 8 of the Dungeon.
You worshipped Gozag.
Gozag was noncommittal.
You were not hungry.

You visited 2 branches of the dungeon, and saw 9 of its levels.

You collected 946 gold pieces.
You paid 70 gold pieces to Gozag.

Inventory:

Hand Weapons
 a - a +1 halberd (weapon)
 h - a +3 dagger
 w - a +0 dagger
 C - a +0 trident
Armour
 c - a +0 pair of gloves (worn)
 e - a +0 robe
 f - a +0 buckler
 s - a +0 leather armour (worn)
 x - a +0 cloak (worn)
Jewellery
 k - an amulet of harm (around neck)
 l - an uncursed amulet of faith
 p - a +3 ring of intelligence
 t - an uncursed ring of sustain attributes
 u - an uncursed ring of teleportation
 v - an uncursed ring of protection from magic
 y - a ring of protection from fire (right hand)
 A - a ring of see invisible (left hand)
 B - an uncursed amulet of dismissal
Wands
 n - a wand of confusion (22/48)
 D - a wand of digging (5/24)
Scrolls
 d - 2 scrolls of magic mapping
 g - a scroll of blinking {unknown}
 i - 3 scrolls of teleportation
 j - a scroll of enchant armour {unknown}
 m - a scroll of random uselessness
 o - 2 scrolls of fear
 q - a scroll of enchant weapon
 r - 2 scrolls of fog {unknown}
 z - 2 scrolls of noise
Books
 b - a book of Necromancy

   Spells                             Type                      Level
   a - Pain                           Necromancy                   1
   b - Animate Skeleton               Necromancy                   1
   c - Vampiric Draining              Necromancy                   3
   d - Regeneration                   Charms/Necromancy            3
   e - Animate Dead                   Necromancy                   4
   f - Control Undead                 Necromancy                   4


   Skills:
 - Level 2.0 Fighting
 * Level 9.8 Polearms
 - Level 3.0 Dodging
 - Level 1.5 Stealth
 - Level 5.0 Spellcasting
 - Level 6.0 Necromancy


You had 10 spell levels left.
You knew the following spells:

 Your Spells              Type           Power        Failure   Level  Hunger
a - Pain                  Necr           ####         1%          1    N/A
b - Vampiric Draining     Necr           ####......   6%          3    N/A
c - Control Undead        Necr           ####......   17%         4    N/A

Dungeon Overview and Level Annotations

Branches:
Dungeon (8/15)             Temple (1/1) D:6
   Lair: D:8-11

Altars:
Ashenzari
Cheibriados
Dithmenos
Elyvilon
Fedhas
Gozag
Kikubaaqudgha
Makhleb
Nemelex Xobeh
Okawaru
Pakellas
Qazlal
Ru
Sif Muna
Trog
Vehumet
Xom
Yredelemnul
Zin
The Shining One

Annotations:
D:7 Erolcha


Innate Abilities, Weirdness & Mutations

You do not eat or drink.
Your flesh is vulnerable to fire.
You are immune to poison.
Your flesh is cold resistant.
You are immune to negative energy.
You are immune to unholy pain and torment.
You can survive without breathing.


Message History

Aim: a kobold, wielding an enchanted hand crossbow (chance to defeat MR: 96%)
The kobold convulses in agony!
You kill the kobold!
Casting: Pain
Confirm with . or Enter, or press ? or * to list all spells.
You can't see any susceptible monsters within range! (Use Z to cast anyway.)
You now have 876 gold pieces (gained 4).
The cyclops is too close now for your liking.
You hear a distant blaring wail to the west.
You start resting.
The cyclops throws a large rock.
The large rock closely misses you.
There is an escape hatch in the ceiling here.
You see here a large rock.
The cyclops throws a large rock.
The large rock hits you!!
Ouch! That really hurt!
* * * LOW HITPOINT WARNING * * *
You see here a large rock.
The cyclops throws a large rock.
The large rock hits you!!
You die...
Your body crumbles into a pile of gold.

##...#..........# #.#......# #.##
##...#....#.##### #.#####.####.#
##...#.......# #.# #.#....##
##...#...##..# #.# #.#......
.....#...##..# #.# #.#......
####.#...##.!######.# #.#####..
#.#..............# #..%.....
#.#....#.#####################
#.#......<..(@................
#.##...C######################
#.##...##$$ ... #.##....#
#.....#.....#..K.. #.##....#$$
#..#..#..#S.#..#..
#.......#'###$.#..#..#..#..#..
#####...#......#.....#.c...#..
########...# .....#..$y.# ...S#..
...........####################..


You could see a cyclops.

Vanquished Creatures
  Pikel (D:7)
  A queen bee (D:8)
  A hippogriff (D:8)
  A hungry ghost (D:8)
  2 ice beasts (D:6)
  A necrophage (D:6)
  2 phantoms
  2 centaurs
  3 ogres
  2 big kobolds
  Blork the orc (D:5)
  3 giant frogs
  2 scorpions (D:8)
  7 killer bees (D:8)
  A howler monkey (D:6)
  A giant frog zombie (D:5)
  2 crimson imps
  2 jellies
  2 hounds
  2 orc priests
  A giant frog skeleton (D:4)
  3 orc wizards
  An iguana (D:7)
  9 worker ants
  A hound zombie (D:5)
  A howler monkey zombie (D:7)
  7 gnolls
  8 adders
  A shadow imp (D:8)
  2 oozes
  2 adder zombies
  5 worms
  3 dart slugs
  5 giant geckos
  17 orcs
  7 giant cockroaches
  6 goblins
  5 hobgoblins
  3 jackals (D:1)
  14 kobolds
  2 quokkas
  3 ball pythons
  4 bats
  A giant gecko skeleton (D:7)
  9 giant newts
  5 rats
164 creatures vanquished.

Notes
Turn   | Place    | Note
--------------------------------------------------------------
     0 | D:1      | Alarkh the Mummy Necromancer began the quest for the Orb.
     0 | D:1      | Reached XP level 1. HP: 13/13 MP: 3/3
   686 | D:1      | Reached XP level 2. HP: 19/19 MP: 0/5
  1270 | D:1      | Reached XP level 3. HP: 18/24 MP: 0/7
  1275 | D:1      | Learned a level 3 spell: Vampiric Draining
  1837 | D:2      | Reached XP level 4. HP: 30/30 MP: 1/8
  1898 | D:2      | Reached skill level 5 in Necromancy
  2490 | D:3      | Reached XP level 5. HP: 35/35 MP: 0/10
  3722 | D:4      | Reached XP level 6. HP: 41/41 MP: 10/12
  4135 | D:5      | Entered Level 5 of the Dungeon
  4146 | D:5      | Reached skill level 5 in Spellcasting
  4423 | D:5      | Learned a level 4 spell: Control Undead
  4758 | D:5      | Found an opulent altar of Gozag.
  4768 | D:5      | Became a worshipper of Gozag Ym Sagoz the Greedy
  4806 | D:5      | Reached skill level 1 in Polearms
  5045 | D:5      | Reached skill level 1 in Fighting
  5045 | D:5      | Reached XP level 7. HP: 18/48 MP: 5/14
  5274 | D:5      | Noticed Blork the orc
  5283 | D:5      | Killed Blork the orc
  5283 | D:5      | Reached skill level 2 in Polearms
  5512 | D:6      | Found a staircase to the Ecumenical Temple.
  5524 | Temple   | Entered the Ecumenical Temple
  5664 | D:6      | Found a stormy altar of Qazlal.
  5729 | D:6      | Reached skill level 3 in Polearms
  5789 | D:6      | Reached skill level 4 in Polearms
  5789 | D:6      | Reached XP level 8. HP: 39/56 MP: 7/15
  6097 | D:7      | Reached skill level 5 in Polearms
  6458 | D:7      | Reached skill level 6 in Polearms
  6696 | D:7      | Noticed Pikel
  6717 | D:7      | Killed Pikel
  6717 | D:7      | Reached skill level 7 in Polearms
  6717 | D:7      | Reached XP level 9. HP: 36/61 MP: 5/16
  7090 | D:8      | Noticed Erolcha
  7343 | D:8      | Reached skill level 8 in Polearms
  8128 | D:8      | Noticed a queen bee
  8131 | D:8      | Noticed a cyclops
  8137 | D:8      | Killed a queen bee
  8137 | D:8      | Reached skill level 9 in Polearms
  8542 | D:8      | Hit by a large rock thrown by a cyclops

Skill      XL: |  1  2  3  4  5  6  7  8  9 |
---------------+----------------------------+-----
Spellcasting   | 3 4 5 |  5.0
Necromancy     | 5 6 |  6.0
Polearms       | 1 4 7 9 |  9.8
Fighting       | 1 2 |  2.0
Dodging        | 2 3 |  3.0
Stealth        | |  1.5

Action                   |  1- 3 |  4- 6 |  7- 9 || total
-------------------------+-------+-------+-------++-------
Melee: Dagger            |    32 |    18 |       ||    50
       Halberd           |       |    29 |   129 ||   158
 Cast: Pain              |    76 |   117 |   194 ||   387
       Vampiric Draining |       |     3 |    16 ||    19
  Use: Scroll            |       |     3 |     7 ||    10
 Stab: Sleeping          |     3 |       |     2 ||     5
Armor: Robe              |    20 |     4 |       ||    24
       Leather armour    |       |    16 |    45 ||    61
Dodge: Dodged            |    41 |    52 |   127 ||   220
